 Dungeon Crawl Stone Soup version 0.30.1 (webtiles) character file.

Game seed: 17964512437650864488

582 Sanktem7 the Chopper (level 7, 0/61 HPs)
             Began as a Minotaur Fighter on July 13, 2023.
             Slain by turdburglar's ghost (13 damage)
             ... on level 4 of the Dungeon.
             The game lasted 00:04:14 (3301 turns).

Sanktem7 the Chopper (Minotaur Fighter)             Turns: 3301, Time: 00:04:15

Health: 0/61       AC: 14    Str: 23    XL:     7   Next: 14%
Magic:  6/6        EV:  6    Int:  5    God:
Gold:   240        SH:  5    Dex:  9    Spells: 6/6 levels left

rFire   . . .        a - +0 war axe {axe}
rCold   . . .        c - +0 buckler
rNeg    . . .        F - +0 plate armour
rPois   .            (helmet restricted)
rElec   .            (no cloak)
rCorr   .            z - +0 pair of gloves
SInv    .            v - +0 pair of boots
Will    .....        (no amulet) Stlth
                     (no ring)
HPRegen 0.30/turn    (no ring)
MPRegen 0.10/turn

%: no passive effects
@: weakened
A: horns 2, retaliatory headbutt
a: no special abilities


You were on level 4 of the Dungeon.
You visited 1 branch of the dungeon, and saw 4 of its levels.

You collected 240 gold pieces.


Innate Abilities, Weirdness & Mutations

You have a pair of horns on your head.
You reflexively headbutt those who attack you in melee.


   Skills:
 + Level 5.4 Fighting
 * Level 6.2 Axes
 + Level 5.4 Armour
 + Level 5.5 Shields


You had 6 spell levels left.
You didn't know any spells.
Your spell library was empty.

Inventory:

Hand Weapons
 a - a +0 war axe (weapon) {axe}
 g - a +2 vampiric whip {mace}
   (You took it off a kobold on level 1 of the Dungeon)
 i - a +0 short sword of holy wrath {short}
   (You took it off a kobold on level 1 of the Dungeon)
 j - a +2 dagger of venom {short}
   (You took it off a goblin on level 1 of the Dungeon)
 p - a +2 falchion of distortion {!wlong}
   (You took it off Robin on level 4 of the Dungeon)
 x - a +1 flail of draining {mace}
   (You took it off an orc on level 3 of the Dungeon)
 G - a +2 dagger of speed {short}
   (You found it on level 4 of the Dungeon)
Missiles
 f - 27 stones (quivered) {throwing}
 t - 6 boomerangs {throwing}
 B - 9 poisoned darts {throwing}
Armour
 c - a +0 buckler (worn)
 v - a +0 pair of boots (worn)
   (You found it on level 2 of the Dungeon)
 z - a +0 pair of gloves (worn)
   (You found it on level 3 of the Dungeon)
 F - a +0 plate armour (worn)
   (You found it on level 4 of the Dungeon)
Jewellery
 s - a ring of see invisible
   (You found it on level 2 of the Dungeon)
 D - a +6 ring of dexterity
   (You found it on level 3 of the Dungeon)
Wands
 y - a wand of flame (10)
   (You took it off Ijyb on level 3 of the Dungeon)
Scrolls
 h - a scroll of vulnerability {unknown}
 k - 2 scrolls of identify {unknown}
 l - a scroll of butterflies {unknown}
 n - 2 scrolls of blinking {unknown}
 q - 2 scrolls of fog {unknown}
 r - 2 scrolls of amnesia {unknown}
 u - 4 scrolls of immolation {unknown}
 E - a scroll of poison {unknown}
 H - a scroll of noise {unknown}
Potions
 b - 2 potions of heal wounds {unknown}
 d - 2 potions of might
 e - a potion of cancellation {unknown}
 m - a potion of ambrosia {unknown}
 o - a potion of curing {unknown}
 w - a potion of resistance
 A - a potion of haste {unknown}
 C - a potion of magic {unknown}

Dungeon Overview and Level Annotations

Branches:
Dungeon (4/15) Zot: 20609
 Temple: D:4-7

Altars:
Gozag
Ru

Annotations:
D:4 turdburglar's ghost, amateur TrFi

...............## ##.........#..#
......##........## ###.......#.#.
.................## ##...##....#♣
#.................###........#.#♣
##....#...........##..#..÷.......
#....##.......##...#...........##
.......[.....#........[........##
......#.....##..................#
......#....###..@)..........P...#
........##.....##W''##.......≈≈.#
........##....##.g...##......≈§..
.........#....#$.$_$..#.....PP...
..............#8.$8..8#.....)....
..............#∩....$.#..##.)....
......#.##....##∩8∩8$##..###)..#.
......##.......#######....##..#..
.#....#......##........#......#.#


You could see a gnoll bouda and turdburglar's ghost.


Message History

The goblin closely misses you.
You slash the goblin!
You kill the goblin! 😕 HP[+1] No target in view!
No target in view!
No target in view!
No target in view!
There is a stone staircase leading down here.
q - 2 scrolls labelled UFROEF QATEPI (gained 1) Key pressed, stopping explore.
B - 9 poisoned darts {throwing} (gained 4) 😎 HP[+2]
Your hp is fully restored (61).
An ufetubus comes into view.
The ufetubus shouts!
An ufetubus is nearby!
The ufetubus hits you but does no damage.
The ufetubus barely misses you. You block the ufetubus's attack. x2
You barely miss the ufetubus. You block the ufetubus's attack.
The ufetubus hits you but does no damage. x2
The ufetubus barely misses you.
You slash the ufetubus!
You kill the ufetubus!
No target in view!
No target in view!
No target in view!
No target in view!
f - 27 stones {throwing} (gained 4) Key pressed, stopping explore.
There is a fountain of blood here.
Key pressed, stopping explore.
There is a stone staircase leading down here.
Things that are here:
a +0 scale mail; the +4 robe of Augmentation {Str+4 Int+4 Dex+4} The gnoll bouda shouts!
Turdburglar's ghost turns its malevolent gaze towards you.
The orc priest shouts!
Could not explore, unopened runed door.
You open the gate. You closely miss turdburglar's ghost.
Turdburglar's ghost sneers, "Only the weak need weapons."
Turdburglar's ghost completely misses you.
You slash turdburglar's ghost!
Your headbutt misses turdburglar's ghost.
Turdburglar's ghost hits you but does no damage.
You block turdburglar's ghost's attack.
The orc priest hits you but does no damage.
You barely miss turdburglar's ghost. You closely miss the orc priest.
Turdburglar's ghost hits you!
The orc priest mumbles some strange prayers to Beogh against you.
Pain shoots through your body! 😕 HP[-14]
You take 14 damage, and now have 47/61 hp.
MASSIVE DAMAGE!! (PAUSE)
You hit turdburglar's ghost.
You headbutt turdburglar's ghost, but do no damage.
You hit the orc priest. Turdburglar's ghost hits you.
The orc priest hits you but does no damage. 😮 HP[-5]
You take 5 damage, and now have 42/61 hp.
You hit turdburglar's ghost. You barely miss the orc priest.
Turdburglar's ghost hits you.
The orc priest hits you but does no damage. 😮 HP[-1]
You take 1 damage, and now have 41/61 hp.
You slash turdburglar's ghost! You headbutt turdburglar's ghost!
You hit the orc priest. Turdburglar's ghost hits you.
The orc priest hits you but does no damage. 😮 HP[-4]
You take 4 damage, and now have 37/61 hp.
You slash turdburglar's ghost!
You headbutt turdburglar's ghost, but do no damage.
You slash the orc priest!
Turdburglar's ghost hits you but does no damage.
The orc priest hits you with a +0 hand axe.
Turdburglar's ghost barely misses you.
You block the orc priest's attack. 😮 HP[-2]
You take 2 damage, and now have 35/61 hp.
You hit turdburglar's ghost but do no damage.
You slash the orc priest!
You kill the orc priest!
Turdburglar's ghost hits you!
* * * LOW HITPOINT WARNING * * *
😨 HP[-9]
You take 9 damage, and now have 26/61 hp.
You hit turdburglar's ghost but do no damage.
You block turdburglar's ghost's attack. 😨 HP[+1]
You hit turdburglar's ghost. Turdburglar's ghost hits you.
* * * LOW HITPOINT WARNING * * *
😨 HP[-6]
You take 6 damage, and now have 21/61 hp.
You hit turdburglar's ghost.
The gnoll bouda gazes fiercely through you!
You feel your attacks grow feeble. Turdburglar's ghost hits you!
* * * LOW HITPOINT WARNING * * *
Turdburglar's ghost hits you!
You die...

Skill      XL: |  1  2  3  4  5  6 |
---------------+-------------------+-----
Axes           | 3 5 6 |  6.2
Fighting       | 4 5 |  5.4
Armour         | 4 5 |  5.4
Shields        | 4 5 |  5.5

Action                     |  1- 3 |  4- 6 |  7- 9 || total
---------------------------+-------+-------+-------++-------
  Melee: War axe           |    88 |   191 |    19 ||   298
         Headbutt          |     7 |    43 |     4 ||    54
 Armour: Scale mail        |    44 |    40 |       ||    84
         Plate armour      |       |    46 |    14 ||    60
  Dodge: Dodged            |    33 |    61 |     7 ||   101
  Block: Buckler           |    24 |    30 |     7 ||    61

Levels and vault maps discovered:
D:1:      dpeg_arrival_boxes_within_box, layout_basic
D:2:      layout_basic, uniq_sigmund
D:3:      layout_rooms, chequers_ecumenical_altar_island, minmay_hedge_maze,
          uniq_ijyb
D:4:      layout_cave_pools, lemuel_tele_altar, serial_demonic,
          serial_demonic_g, serial_demonic_g, serial_demonic_g,
          serial_demonic_d, serial_demonic_b, serial_demonic_e,
          ebering_ghost_gozag, ebering_dispersal_statue_hall,
          roderic_roman_lattice, uniq_robin

Notes
Turn   | Place    | Note
-------+----------+-------------------------------------------
     0 | D:1      | Sanktem7 the Minotaur Fighter began the quest for the Orb.
     0 | D:1      | Reached XP level 1. HP: 19/19 MP: 0/0
     0 | D:1      | magus.rc [v1.9.6]
   325 | D:1      | Reached XP level 2. HP: 27/27 MP: 1/1
   417 | D:1      | Reached skill level 3 in Axes
   960 | D:2      | Reached skill level 4 in Fighting
   960 | D:2      | Reached skill level 4 in Armour
   960 | D:2      | Reached skill level 4 in Shields
   960 | D:2      | Reached XP level 3. HP: 21/33 MP: 2/2
  1040 | D:2      | Found the +4 robe of Augmentation {Str+4 Int+4 Dex+4}
  1434 | D:2      | Reached XP level 4. HP: 40/40 MP: 3/3
  1780 | D:2      | Noticed Sigmund
  1799 | D:2      | Killed Sigmund
  1800 | D:2      | Reached skill level 5 in Axes
  1800 | D:2      | Reached XP level 5. HP: 32/47 MP: 4/4
  2201 | D:3      | Noticed Ijyb
  2210 | D:3      | Killed Ijyb
  2211 | D:3      | Reached XP level 6. HP: 30/55 MP: 5/5
  2341 | D:3      | Reached skill level 5 in Shields
  2541 | D:3      | Found a faded altar of an unknown god.
  2725 | D:4      | Reached skill level 5 in Armour
  2753 | D:4      | Reached skill level 5 in Fighting
  2859 | D:4      | Found a runed translucent gate.
  2859 | D:4      | Found a runed translucent gate.
  2875 | D:4      | Found a runed translucent gate.
  2878 | D:4      | Found an opulent altar of Gozag.
  2880 | D:4      | Noticed turdburglar's ghost (amateur TrFi)
  2893 | D:4      | Noticed Robin
  2901 | D:4      | Killed Robin
  2905 | D:4      | Reached skill level 6 in Axes
  3021 | D:4      | Found a sacrificial altar of Ru.
  3075 | D:4      | Reached XP level 7. HP: 60/61 MP: 6/6
  3301 | D:4      | HP: 13/61 [turdburglar's ghost (9)]
  3301 | D:4      | Slain by turdburglar's ghost

Vanquished Creatures
  Sigmund (D:2)
  An orc priest (D:4)
  A jelly (D:4)
  2 quasits (D:4)
  2 iguanas (D:4)
  Ijyb (D:3)
  An orc wizard (D:3)
  Robin (D:4)
  5 adders
  2 shadow imps (D:4)
  A white imp (D:4)
  4 ufetubi (D:4)
  2 worms
  A dart slug (D:3)
  2 orcs (D:3)
  6 ball pythons
  3 endoplasms
  4 giant cockroaches
  14 goblins
  13 hobgoblins
  8 jackals
  A quokka (D:2)
  6 bats
  3 frilled lizards
  3 kobolds (D:1)
  7 rats
95 creatures vanquished.

Table legend:
 A = Non-vault XP
 B = Vault XP
 C = Vault XP percentage of total XP
 D = Non-vault monster count
 E = Vault monster count
 F = Vault count percentage of total count
                 A         B        C        D         E       F
            +---------+---------+-------+---------+---------+-------
      Total |     343 |     489 |  58.8 |      72 |      23 |  24.2
            +---------+---------+-------+---------+---------+-------
        D:1 |      33 |       0 |   0.0 |      20 |       0 |   0.0
        D:2 |      80 |     231 |  74.3 |      26 |       1 |   3.7
        D:3 |      82 |      36 |  30.5 |      13 |       1 |   7.1
        D:4 |     148 |     222 |  60.0 |      13 |      21 |  61.8
            +---------+---------+-------+---------+---------+-------

Skill      XL: |  1  2  3  4  5  6 |
---------------+-------------------+-----
Axes           | 3 5 6 |  6.2
Fighting       | 4 5 |  5.4
Armour         | 4 5 |  5.4
Shields        | 4 5 |  5.5

Action                     |  1- 3 |  4- 6 |  7- 9 || total
---------------------------+-------+-------+-------++-------
  Melee: War axe           |    88 |   191 |    19 ||   298
         Headbutt          |     7 |    43 |     4 ||    54
 Armour: Scale mail        |    44 |    40 |       ||    84
         Plate armour      |       |    46 |    14 ||    60
  Dodge: Dodged            |    33 |    61 |     7 ||   101
  Block: Buckler           |    24 |    30 |     7 ||    61

Illustrated notes

Table legend:
 A = Kills in this place as a percentage of kills in the entire game.
 B = Kills by you in this place as a percentage of kills by you in the entire game.
 C = Kills by friends in this place as a percentage of kills by friends in the entire game.
 D = Other kills in this place as a percentage of other kills in the entire game.
 E = Experience gained in this place as a percentage of experience gained in the entire game.
 F = Experience gained in this place divided by the number of levels of this place that you have seen.
                   A       B       C       D       E      F
               +-------+-------+-------+-------+-------+----------------------
         Total | 100.0 | 100.0 |   N/A |   N/A | 100.0 | 208.0
       Dungeon | 100.0 | 100.0 |   N/A |   N/A | 100.0 | 208.0
               +-------+-------+-------+-------+-------+----------------------

Table legend: (Time is in decaauts)
 A = Elapsed time spent in this place.
 B = Non-inter-level travel time spent in this place.
 C = Inter-level travel time spent in this place.
 D = Time resting spent in this place.
 E = Time spent auto-exploring this place.
 F = Levels seen in this place.
 G = Mean time per level.
                   A        B        C        D        E       F      G
               +--------+--------+--------+--------+--------+-----+--------+
         Total |   3389 |   3294 |     95 |      0 |   2617 |   4 |  847.2 |
       Dungeon |   3389 |   3294 |     95 |      0 |   2617 |   4 |  847.2 |
               +--------+--------+--------+--------+--------+-----+--------+

Top non-repeatable levels by time:
     D:2: 1164 daAuts
     D:1: 958 daAuts
     D:3: 644 daAuts
     D:4: 622 daAuts
